 Dungeon Crawl Stone Soup version 0.29-a0-221-gceb61267dd (webtiles) character file.

Game seed: 2125204024851057746

20571 igorguim the Sharpshooter (level 12, -2/110 HPs)
             Began as a Minotaur Hunter on Feb 27, 2022.
             Was a High Priest of Okawaru.
             Slain by a death yak (23 damage)
             ... on level 3 of the Lair of Beasts.
             The game lasted 00:34:38 (17423 turns).

igorguim the Sharpshooter (Minotaur Hunter)        Turns: 17423, Time: 00:34:39

Health: -2/110     AC: 14    Str: 18    XL:     12   Next: 46%
Magic:  5/15       EV: 17    Int: 14    God:    Okawaru [*****.]
Gold:   1009       SH:  0    Dex: 15    Spells: 11/11 levels left

rFire   + + .      SeeInvis .   a - +5 hand crossbow
rCold   + . .      Faith    .   (no shield)
rNeg    . . .      Spirit   .   c - +3 leather armour {rPois}
rPois   +          Reflect  .   (helmet unavailable)
rElec   .          Harm     .   A - scarf {rC+ rF+}
rCorr   .          Rampage  .   u - +2 pair of gloves
Will    .....                   o - +0 pair of boots
Stlth   +.........              (no amulet)
HPRegen 0.28/turn               p - +6 ring of intelligence
MPRegen 0.14/turn               m - +4 ring of protection

@: mighty
A: horns 3, retaliatory headbutt, fire resistance 1, MP-powered wands
a: Renounce Religion, Heroism, Finesse, Duel


You were on level 3 of the Lair of Beasts.
You worshipped Okawaru.
Okawaru was extremely pleased with you.
You visited 3 branches of the dungeon, and saw 14 of its levels.

You collected 1009 gold pieces.

Inventory:

Hand Weapons
 a - a +5 hand crossbow (weapon)
Missiles
 v - 6 silver javelins
Armour
 c - a +3 leather armour of poison resistance (worn)
 o - a +0 pair of boots (worn)
 r - a +2 leather armour of cold resistance
 u - a +2 pair of gloves (worn)
 A - a scarf of resistance (worn)
Jewellery
 f - a ring of ice
 g - a ring of flight
 m - a +4 ring of protection (right hand)
 p - a +6 ring of intelligence (left hand)
 q - a ring of protection from fire
 x - a ring of wizardry
 C - a ring of positive energy
Wands
 e - a wand of iceblast (4)
 z - a wand of flame (3)
 B - a wand of acid (1)
Scrolls
 d - 5 scrolls of amnesia
 j - a scroll of identify
 n - a scroll of holy word
 w - 2 scrolls of magic mapping
Potions
 i - 5 potions of brilliance
 k - 6 potions of flight
 l - a potion of curing


   Skills:
 + Level 11.6 Fighting
 * Level 15.1 Crossbows
 + Level 3.8 Throwing
 + Level 10.7 Dodging
 - Level 0.7 Stealth
 + Level 6.3 Invocations
 - Level 4.1 Evocations


You had 11 spell levels left.
You didn't know any spells.
Your spell library contained the following spells:

 Spells                   Type           Power      Damage    Failure   Level
 Beastly Appendage        Tmut           0%         N/A       34%         1
 Magic Dart               Conj           0%         1d3       34%         1
 Corpse Rot               Necr/Air       0%         N/A       45%         2
 Static Discharge         Conj/Air       0%         N/A       45%         2
 Wereblood                Tmut           0%         N/A       45%         2
 Mephitic Cloud           Conj/Pois/Air  0%         N/A       71%         3
 Ozocubu's Armour         Ice            0%         N/A       71%         3
 Portal Projectile        Hex/Tloc       0%         N/A       71%         3
 Spider Form              Tmut/Pois      0%         N/A       71%         3
 Stone Arrow              Conj/Erth      0%         3d7       71%         3
 Dispel Undead            Necr           0%         3d6       98%         4
 Fulminant Prism          Conj/Hex       0%         3d6       98%         4
 Iskenderun's Mystic Bla  Conj/Tloc      0%         2d3       98%         4
 Sticky Flame             Conj/Fire      0%         2d3       98%         4
 Blade Hands              Tmut           0%         N/A       100%        5
 Excruciating Wounds      Necr           0%         N/A       100%        5
 Lee's Rapid Deconstruct  Erth           0%         3d5*      100%        5
 Metabolic Englaciation   Hex/Ice        0%         N/A       100%        5
 Dispersal                Tloc           0%         N/A       100%        6
 Disjunction              Tloc           0%         N/A       100%        8
 Lehudib's Crystal Spear  Conj/Erth      0%         10d2      100%        8
 Summon Small Mammal      Summ           Unusable   N/A       N/A         1
 Call Imp                 Summ           Unusable   N/A       N/A         2
 Call Canine Familiar     Summ           Unusable   N/A       N/A         3
 Summon Guardian Golem    Hex/Summ       Unusable   N/A       N/A         3
 Animate Armour           Summ/Erth      Unusable   N/A       N/A         4
 Death Channel            Necr           Unusable   N/A       N/A         6
 Simulacrum               Ice/Necr       Unusable   N/A       N/A         6

Dungeon Overview and Level Annotations

Branches:
Dungeon (10/15)            Temple (1/1) D:6            Lair (3/6) D:8
 Spider (0/4) Lair:2
  Swamp: Lair:2-4    Shoals: Lair:2-4       Orc: D:9-12

Altars:
Ashenzari
Dithmenos
Elyvilon
Gozag
Hepliaklqana
Makhleb
Nemelex Xobeh
Okawaru
Trog
Uskayaw
Vehumet
Wu Jian
Xom
Yredelemnul
Zin
The Shining One

Shops:
D:5 *   D:8 **

Annotations:
D:10 3 runed translucent doors, Pooter's ghost, journeyman MiBe


Innate Abilities, Weirdness & Mutations

You have a pair of large horns on your head.
You reflexively headbutt those who attack you in melee.
Your flesh is heat resistant. (rF+)
You expend magic power (3 MP) to strengthen your wands.


Message History

Press: ? - help, Shift-Dir - straight line, f/p - death yak
Aim: a death yak (severely wounded, 87% to hit)
You shoot a bolt. The bolt hits the death yak.
The death yak is severely wounded.
The death yak misses you.
Shoot: a) +5 hand crossbow
Press: ? - help, Shift-Dir - straight line, f/p - death yak
Aim: a death yak (severely wounded, 87% to hit)
You shoot a bolt. The bolt hits the death yak!
The death yak is almost dead.
Shoot: a) +5 hand crossbow
Press: ? - help, Shift-Dir - straight line, f/p - death yak
Aim: a death yak (almost dead, 87% to hit)
You shoot a bolt. The bolt hits the death yak.
The death yak is almost dead.
The death yak completely misses you.
Shoot: a) +5 hand crossbow
Press: ? - help, Shift-Dir - straight line, f/p - death yak
Aim: a death yak (almost dead, 87% to hit)
You shoot a bolt. The bolt hits the death yak!
You kill the death yak!
Okawaru is honoured by your kill. Okawaru crowns you victorious!
An exit appears.
Okay, then.
You feel better.
You feel very mighty all of a sudden.
You start resting.
The spectator mutters to another spectator.
The spectator waves excitedly.
You feel like a meek peon again.
You start resting.
Okawaru bids you farewell from the Arena.
You start resting.
Your hands slow down.
You start resting.
You are returned from the Arena.
Welcome back to the Lair of Beasts!
The death yak gores you! x2
* * * LOW HITPOINT WARNING * * *
The death yak gores you!!
You die...

.............P#......#
.....................#
.Y...................##
YY...................P#
.....................##
#...........#........#
##...).....###.......# #
#........###.......#
###.†......P##..@Y...#######
##.........#####Y.....#.#..######
##........# #.................
#........P# #.................
#........## #.................
##.......# #.................
#.#..YY.## #.................
##...Y..# ##.####.......####
##.<...# ### ##.......#


You could see 2 death yaks.

Vanquished Creatures
  Erica (Lair:2)
  2 hydras
  3 two-headed ogres
  2 death yaks
  A deep elf pyromancer (D:8)
  A manticore (D:8)
  A black mamba (Lair:3)
  2 cane toads
  4 komodo dragons
  A meliai (D:8)
  A hornet (D:8)
  3 blink frogs (Lair:3)
  7 dream sheep (Lair:3)
  A wraith (D:10)
  26 yaks
  A basilisk (Lair:2)
  5 wyverns
  2 steam dragons (D:8)
  4 water moccasins
  A swamp drake (D:8)
  6 orc warriors
  4 ice beasts
  4 sky beasts
  An ogre (D:5)
  8 wolves (Lair:3)
  A centaur (D:9)
  2 phantoms
  9 bullfrogs
  3 kobold brigands
  2 gnoll sergeants (D:8)
  2 scorpions (D:5)
  11 killer bees
  13 wights
  2 howler monkeys (D:8)
  2 hounds
  2 jellies
  7 orc priests
  A gnoll shaman (D:8)
  3 iguanas
  14 orc wizards
  11 gnolls
  13 adders
  3 shadow imps
  3 white imps
  A worm (D:3)
  2 dart slugs
  28 orcs
  11 ball pythons
  6 bats
  7 endoplasms
  2 giant cockroaches
  2 goblins
  12 hobgoblins
  7 jackals
  2 quokkas (D:1)
  2 frilled lizards (D:1)
  26 kobolds
  5 rats
309 creatures vanquished.

Vanquished Creatures (others)
  An orc wizard (D:8)
  A bush (Lair:3)
  5 fungi
  39 plants
46 creatures vanquished.

Grand Total: 355 creatures vanquished

Notes
Turn   | Place    | Note
-------+----------+-------------------------------------------
     0 | D:1      | igorguim the Minotaur Hunter began the quest for the Orb.
     0 | D:1      | Reached XP level 1. HP: 18/18 MP: 0/0
    75 | D:1      | Reached XP level 2. HP: 25/25 MP: 1/1
   301 | D:1      | Reached skill level 5 in Crossbows
   355 | D:1      | Found a faded altar of an unknown god.
   394 | D:1      | Reached XP level 3. HP: 30/30 MP: 2/2
  1281 | D:3      | Reached XP level 4. HP: 22/38 MP: 3/3
  1600 | D:3      | Reached XP level 5. HP: 10/46 MP: 4/4
  1973 | D:3      | Reached skill level 6 in Crossbows
  2234 | D:3      | Found a hide-covered altar of Uskayaw.
  3016 | D:4      | Reached XP level 6. HP: 40/52 MP: 5/5
  3292 | D:5      | Entered Level 5 of the Dungeon
  3399 | D:5      | Identified the +1 dagger "Lappy" {drain, Fly Will+ rCorr
                  | Str-5}
  3496 | D:5      | Reached skill level 7 in Crossbows
  3636 | D:5      | Noticed an ice beast
  3645 | D:5      | Killed an ice beast
  3646 | D:5      | Reached XP level 7. HP: 36/60 MP: 6/6
  3782 | D:5      | Reached skill level 5 in Fighting
  3824 | D:5      | You fall into a shaft and drop 2 floors!
  3972 | D:7      | Reached skill level 5 in Dodging
  3977 | D:7      | Reached skill level 8 in Crossbows
  4828 | D:6      | Reached XP level 8. HP: 70/70 MP: 7/7
  5269 | D:6      | Reached skill level 9 in Crossbows
  5357 | D:6      | Gained mutation: You have a pair of large horns on your
                  | head. [potion of mutation]
  5357 | D:6      | Gained mutation: Your flesh is heat resistant. (rF+)
                  | [potion of mutation]
  5357 | D:6      | Gained mutation: You expend magic power (3 MP) to
                  | strengthen your wands. [potion of mutation]
  5526 | D:6      | Reached skill level 1 in Evocations
  5745 | D:6      | Found a staircase to the Ecumenical Temple.
  5754 | Temple   | Entered the Ecumenical Temple
  5950 | Temple   | Became a worshipper of Warmaster Okawaru
  6586 | D:6      | Reached skill level 10 in Crossbows
  6586 | D:6      | Reached XP level 9. HP: 65/79 MP: 8/8
  7206 | D:5      | Found Suicutic's Elemental Accessories.
  7569 | D:8      | Found Rysim's Specific Store.
  7569 | D:8      | Found Pity Woy's General Store.
  7696 | D:8      | Noticed a two-headed ogre
  8012 | D:8      | Reached * piety under Okawaru
  8060 | D:8      | Killed a two-headed ogre
  8061 | D:8      | Reached skill level 11 in Crossbows
  8088 | D:8      | Noticed a manticore
  8102 | D:8      | Killed a manticore
  8102 | D:8      | Reached ** piety under Okawaru
  8103 | D:8      | Reached XP level 10. HP: 35/90 MP: 5/9
  8613 | D:8      | Reached skill level 1 in Invocations
  9003 | D:8      | Noticed a deep elf pyromancer
  9014 | D:8      | Killed a deep elf pyromancer
  9015 | D:8      | Reached skill level 12 in Crossbows
  9020 | D:8      | Reached *** piety under Okawaru
  9930 | D:8      | Received a gift from Okawaru
 10085 | D:8      | Found a staircase to the Lair.
 10710 | D:9      | Noticed a two-headed ogre
 10718 | D:9      | Killed a two-headed ogre
 10718 | D:9      | Reached **** piety under Okawaru
 10802 | D:9      | Reached skill level 13 in Crossbows
 10802 | D:9      | Reached XP level 11. HP: 99/99 MP: 12/12
 11541 | D:10     | Entered Level 10 of the Dungeon
 11652 | D:10     | Reached skill level 10 in Fighting
 11835 | D:10     | Found a runed translucent gate.
 11835 | D:10     | Noticed a ten-headed hydra
 11837 | D:10     | Noticed Pooter's ghost (journeyman MiBe)
 11838 | D:10     | Found a runed translucent gate.
 11839 | D:10     | Found a runed translucent gate.
 11853 | D:10     | Found a broken altar of Ashenzari.
 12462 | D:10     | Noticed a two-headed ogre
 12471 | D:10     | Killed a two-headed ogre
 12471 | D:10     | Reached ***** piety under Okawaru
 12471 | D:10     | Received a gift from Okawaru
 12919 | Lair:1   | Entered Level 1 of the Lair of Beasts
 13161 | Lair:1   | Received a gift from Okawaru
 13271 | Lair:1   | Noticed a six-headed hydra
 13286 | Lair:1   | Killed a six-headed hydra
 13533 | Lair:1   | Reached skill level 14 in Crossbows
 14041 | Lair:1   | Reached skill level 5 in Invocations
 14043 | Lair:1   | Received a gift from Okawaru
 14059 | Lair:1   | Reached skill level 1 in Throwing
 14474 | Lair:1   | Reached skill level 10 in Dodging
 14672 | Lair:2   | Noticed Erica
 14692 | Lair:2   | Killed Erica
 14692 | Lair:2   | Received a gift from Okawaru
 14866 | Lair:2   | Found a hole to the Spider Nest.
 15853 | Lair:3   | Reached XP level 12. HP: 110/110 MP: 15/15
 15855 | Lair:3   | Received a gift from Okawaru
 16258 | Lair:3   | Noticed a death yak
 16258 | Lair:3   | Noticed a death yak
 16318 | Lair:3   | Noticed an eight-headed hydra
 16330 | Lair:3   | Killed an eight-headed hydra
 16691 | Lair:3   | Noticed a death yak
 16692 | Lair:3   | Noticed a death yak
 16696 | Lair:3   | Killed a death yak
 16698 | Lair:3   | Reached skill level 15 in Crossbows
 17384 | Arena    | Entered the Arena
 17400 | Arena    | Killed a death yak
 17423 | Lair:3   | Slain by a death yak

Illustrated notes

Levels and vault maps discovered:
D:1:      minmay_arrival_solitary_statue, layout_basic,
          hellmonk_ecumenical_altar_heavens_door
D:2:      layout_rooms, serial_forest, infiniplex_forest_lined_room_,
          infiniplex_forest_clump_double, infiniplex_forest_3_way,
          infiniplex_forest_clump_small, infiniplex_forest_corner_1,
          infiniplex_forest_lined_3_way, infiniplex_forest_clump_double,
          infiniplex_forest_straight_2, infiniplex_forest_lined_3_way,
          minivault_14
D:3:      layout_basic, nicolae_uskayaw_dance_hall, serial_bayou,
          serial_bayou_pond_b, serial_bayou_pond_c, serial_bayou_lagoon_b,
          serial_bayou_pond_b
D:4:      layout_cave_pods
D:5:      layout_loops_ring, kennysheep_another_room, nicolae_elemental_shop
D:6:      layout_loops_cross, temple_green
D:7:      layout_basic
D:8:      kennysheep_housing_project, layout_rooms, erik_lair_dragon,
          nicolae_specific_store, nzn_random_ring
D:9:      layout_rooms
D:10:     layout_roguey, kennysheep_mini_moat, gammafunk_ghost_hydra_chop,
          enter_bailey_6
Temple:   mainiacjoe_temple_cubbyholes
Lair:1:   layout_loops_ring, grunt_megastairs_1
Lair:2:   layout_hall_layers, dummy_spider_entry, uniq_erica
Lair:3:   layout_hall_layers, chequers_serial_rivers_micro_d, st_stairs_4,
          grunt_megastairs_3

Skill      XL: |  1  2  3  4  5  6  7  8  9 10 11 12 |
---------------+-------------------------------------+-----
Crossbows      | 5 6 7 8 10 11 13 14 15 | 15.1
Fighting       | 3 4 5 7 8 9 11 | 11.6
Dodging        | 3 4 5 6 7 9 10 | 10.7
Evocations     | 2 4 |  4.1
Invocations    | 3 5 6 |  6.3
Throwing       | 2 3 |  3.8
Stealth        | |  0.7

Action                   |  1- 3 |  4- 6 |  7- 9 | 10-12 || total
-------------------------+-------+-------+-------+-------++-------
Melee: Hand crossbow     |       |       |    35 |       ||    35
       Headbutt          |       |       |     5 |       ||     5
 Fire: Hand crossbow     |    99 |   165 |   414 |   668 ||  1346
Throw: Javelin           |       |       |       |     1 ||     1
Invok: Heroism           |       |       |       |     8 ||     8
       Finesse           |       |       |       |     2 ||     2
       Duel              |       |       |       |     1 ||     1
Evoke: Wand              |       |       |     5 |    18 ||    23
  Use: Scroll            |     2 |     4 |    13 |    16 ||    35
       Potion            |       |     2 |     2 |     3 ||     7
Armor: Leather armour    |    19 |    18 |    73 |   119 ||   229
Dodge: Dodged            |    34 |    40 |   132 |   356 ||   562

Table legend: (Time is in decaauts)
 A = Elapsed time spent in this place.
 B = Non-inter-level travel time spent in this place.
 C = Inter-level travel time spent in this place.
 D = Time resting spent in this place.
 E = Time spent auto-exploring this place.
 F = Levels seen in this place.
 G = Mean time per level.
                   A        B        C        D        E       F      G
               +--------+--------+--------+--------+--------+-----+--------+
         Total |  17569 |  16795 |    774 |    509 |  13883 |  15 | 1171.3 |
       Dungeon |  12782 |  12139 |    643 |    244 |  10035 |  10 | 1278.2 |
        Temple |    275 |    189 |     86 |      0 |    182 |   1 |  275.0 |
          Lair |   4481 |   4437 |     44 |    245 |   3666 |   3 | 1493.7 |
         Arena |     30 |     30 |      0 |     20 |      0 |   1 |   30.0 |
               +--------+--------+--------+--------+--------+-----+--------+

Top non-repeatable levels by time:
     D:8: 3093 daAuts
     D:6: 1710 daAuts
  Lair:3: 1687 daAuts
  Lair:1: 1550 daAuts
     D:3: 1384 daAuts
    D:10: 1300 daAuts
  Lair:2: 1243 daAuts
     D:7: 1203 daAuts
     D:5: 1125 daAuts
     D:9: 972 daAuts
     D:4: 916 daAuts
     D:1: 608 daAuts
     D:2: 467 daAuts
  Temple: 275 daAuts
   Arena: 30 daAuts
